 Dungeon Crawl Stone Soup version 0.29-a0-284-gf9362112df (webtiles) character file.

Game seed: 14216585936480398628

25 Zonian the Chiller (level 2, -1/19 HPs)
             Began as a Demonspawn Ice Elementalist on Mar 22, 2022.
             Was a Believer of Uskayaw.
             Slain by a kobold
             ... wielding a +0 dagger
              (2 damage)
             ... on level 1 of the Dungeon.
             The game lasted 00:01:52 (1711 turns).

Zonian the Chiller (Demonspawn Ice Elementalist)    Turns: 1711, Time: 00:01:53

Health: -1/19      AC:  2    Str:  8    XL:     2   Next: 86%
Magic:  0/5        EV: 12    Int: 16    God:    Uskayaw [**....]
Gold:   22         SH:  0    Dex: 15    Spells: 4/5 levels left

rFire   . . .      SeeInvis .   e - +0 dagger
rCold   . . .      Faith    .   (no shield)
rNeg    . . .      Spirit   .   a - +0 robe
rPois   .          Reflect  .   (no helmet)
rElec   .          Harm     .   (no cloak)
rCorr   .          Rampage  .   (no gloves)
Will    .....                   (no boots)
Stlth   +++.......              (no amulet)
HPRegen 0.06/turn               (no ring)
MPRegen 0.09/turn               (no ring)

@: very slightly contaminated
A: thin skeletal structure 1
a: Renounce Religion, Stomp, Line Pass


You were on level 1 of the Dungeon.
You worshipped Uskayaw.
Uskayaw was noncommittal.
You visited 1 branch of the dungeon, and saw 1 of its levels.

You collected 22 gold pieces.

Inventory:

Hand Weapons
 e - a +0 dagger (weapon)
Armour
 a - a +0 robe (worn)
Potions
 b - a potion of magic
 c - a potion of curing {unknown}
 d - a potion of might {unknown}


   Skills:
 + Level 2.1 Dodging
 + Level 2.2 Stealth
 + Level 2.3 Spellcasting
 + Level 3.8 Ice Magic


You had 4 spell levels left.
You knew the following spells:

 Your Spells              Type           Power      Damage    Failure   Level
a - Freeze                Ice            56%        1d7       4%          1

Your spell library contained the following spells:

 Spells                   Type           Power      Damage    Failure   Level
 Frozen Ramparts          Ice            28%        1d4       12%         3
 Ozocubu's Armour         Ice            14%        N/A       12%         3
 Hailstorm                Conj/Ice       8%         3d4       65%         4


Dungeon Overview and Level Annotations

Branches:
Dungeon (1/15)

Altars:
Uskayaw


Innate Abilities, Weirdness & Mutations

You have a somewhat thin skeletal structure. (Dex +2, Stealth+)


Message History

You kill the rat!
The kobold hits you with a +0 dagger.
* * * LOW HITPOINT WARNING * * *
The goblin misses you.
Casting: Freeze (safe; 4% risk of failure)
Confirm with . or Enter, or press ? or * to list all spells.
Aiming: Freeze (safe; 4% risk of failure)
Press: ? - help, Shift-Dir - straight line, f - kobold
Aim: a kobold, wielding a +0 dagger (moderately wounded)
You miscast Freeze.
You are very lightly contaminated with residual magic.
Nothing appears to happen.
The kobold closely misses you. The goblin hits you with a +0 club.
* * * LOW HITPOINT WARNING * * *
Okay, then.
The kobold attacks as you move away! The kobold hits you with a +0 dagger.
* * * LOW HITPOINT WARNING * * *
The goblin misses you.
Things that are here:
a rat corpse; a giant cockroach corpse The goblin attacks as you move away!
The goblin closely misses you. The kobold attacks as you move away!
The kobold hits you with a +0 dagger.
* * * LOW HITPOINT WARNING * * *
Things that are here:
a +0 club; a goblin corpse You closely miss the kobold.
The kobold closely misses you.
Casting: Freeze (safe; 4% risk of failure)
Confirm with . or Enter, or press ? or * to list all spells.
Aiming: Freeze (safe; 4% risk of failure)
Press: ? - help, Shift-Dir - straight line, f/p - kobold
Aim: a kobold, wielding a +0 dagger You miscast Freeze.
Nothing appears to happen.
The kobold hits you but does no damage.
Unknown command.
You barely miss the kobold. The kobold hits you with a +0 dagger.
* * * LOW HITPOINT WARNING * * *
You hit the kobold.
The kobold is moderately wounded.
The kobold hits you with a +0 dagger.
You die...

.###
#############.............#
.# ###### ###...#######.##
.## #.....# ##.## ####...
..# .......## #.# ###....##
..# ........# #.###...####
..# ...!....# ##.....######
..#
.....>..#####...####....#
### ........##......#
#....# .......gK@.##.#.#
#....# .......†#####.#.#
#...(## ........# #.#.#
#...... ........#
#.#.####....## ........#
..#.##......## ........#
.##.##.#...... #......#.
#....##..... #.....# .
##..........# #..### #
#............


You could see a goblin and a kobold.

Vanquished Creatures
  2 bats (D:1)
  4 endoplasms (D:1)
  3 giant cockroaches (D:1)
  4 goblins (D:1)
  2 kobolds (D:1)
  A quokka (D:1)
  A ball python (D:1)
  2 frilled lizards (D:1)
  3 rats (D:1)
22 creatures vanquished.

Notes
Turn   | Place    | Note
-------+----------+-------------------------------------------
     0 | D:1      | Zonian the Demonspawn Ice Elementalist began the quest for
                  | the Orb.
     0 | D:1      | Reached XP level 1. HP: 13/13 MP: 3/3
   897 | D:1      | Gained mutation: You have a somewhat thin skeletal
                  | structure. (Dex +2, Stealth+) [demonic ancestry]
   897 | D:1      | Reached XP level 2. HP: 19/19 MP: 5/5
  1542 | D:1      | Found a faded altar of an unknown god.
  1546 | D:1      | Prayed at the altar of an unknown god.
  1546 | D:1      | Became a worshipper of Uskayaw the Reveller
  1546 | D:1      | Reached * piety under Uskayaw
  1688 | D:1      | Reached ** piety under Uskayaw
  1692 | D:1      | Reached *** piety under Uskayaw
  1711 | D:1      | Slain by a kobold

Illustrated notes

Levels and vault maps discovered:
D:1:      dpeg_arrival_round_a, layout_rooms,
          shapermc_ecumenical_altar_mp_vishouse, kennysheep_nondescript

Skill      XL: |  1 |
---------------+----+-----
Stealth        | 2 |  2.2
Dodging        | 2 |  2.1
Spellcasting   | |  2.3
Ice Magic      | |  3.8

Action                   || total
-------------------------++-------
Melee: Unarmed           ||    10
       Dagger            ||    24
       Punch             ||     1
 Cast: Freeze            ||    21
 Stab: Sleeping          ||     3
       Paralysed         ||     1
Armor: Robe              ||     7
Dodge: Dodged            ||    30

Table legend: (Time is in decaauts)
 A = Elapsed time spent in this place.
 B = Non-inter-level travel time spent in this place.
 C = Inter-level travel time spent in this place.
 D = Time resting spent in this place.
 E = Time spent auto-exploring this place.
 F = Levels seen in this place.
 G = Mean time per level.
                   A        B        C        D        E       F      G
               +--------+--------+--------+--------+--------+-----+--------+
         Total |   1710 |   1710 |      0 |   1137 |    405 |   1 | 1710.0 |
       Dungeon |   1710 |   1710 |      0 |   1137 |    405 |   1 | 1710.0 |
               +--------+--------+--------+--------+--------+-----+--------+

Top non-repeatable levels by time:
     D:1: 1710 daAuts
